 Dungeon Crawl Stone Soup version 0.30.1-11-g7821555f0a (webtiles) character file.

Game seed: 14508272172625686096

375 safid the Conjurer (level 6, -1/38 HPs)
             Began as a Gargoyle Reaver on Dec 12, 2023.
             Killed from afar by an orc wizard (8 damage)
             ... with a puff of flame
             ... on level 3 of the Dungeon.
             The game lasted 00:04:00 (2421 turns).

safid the Conjurer (Gargoyle Reaver)                Turns: 2421, Time: 00:04:00

Health: -1/38      AC:  8    Str: 17    XL:     6   Next: 72%
Magic:  11/11      EV: 11    Int: 14    God:
Gold:   146        SH:  0    Dex:  8    Spells: 8/11 levels left

rFire   . . .        n - +3 scythe (flame)
rCold   + . .        (shield currently unavailable)
rNeg    + . .        b - +0 leather armour
rPois   ∞            (no helmet)
rElec   +            (no cloak)
rCorr   .            q - +0 pair of gloves
SInv    .            (no boots)
Will    .....        (no amulet)
Stlth   +            f - ring of flight
HPRegen 0.26/turn    m - ring of protection from cold
MPRegen 0.12/turn

%: no passive effects
@: flying
A: sickness immunity, AC +4, negative energy resistance 1, electricity
resistance, torment resistance 1, petrification resistance
a: no special abilities


You were on level 3 of the Dungeon.
You visited 1 branch of the dungeon, and saw 3 of its levels.

You collected 146 gold pieces.

Inventory:

Hand Weapons
 n - a +3 scythe of flaming (weapon)
Armour
 b - a +0 leather armour (worn)
 q - a +0 pair of gloves (worn)
Jewellery
 a - a ring of magical power
 f - a ring of flight (left hand)
 m - a ring of protection from cold (right hand)
Scrolls
 d - a scroll of brand weapon {unknown}
 j - a scroll of immolation {unknown}
 k - 4 scrolls of identify {unknown}
 l - a scroll of teleportation {unknown}
 p - a scroll of magic mapping {unknown}
Potions
 c - 3 potions of haste {unknown}
 e - 2 potions of lignification {unknown}
 g - 2 potions of resistance {unknown}
 h - a potion of cancellation {unknown}
 i - 2 potions of degeneration {unknown}
 o - 2 potions of magic {unknown}


   Skills:
 + Level 4.0 Fighting
 - Level 3.0 Maces & Flails
 + Level 2.5 Armour
 - Level 1.5 Dodging
 + Level 3.4 Spellcasting
 + Level 4.7 Conjurations
 + Level 2.1 Translocations


You had 8 spell levels left.
You knew the following spells:

 Your Spells              Type           Power      Damage    Failure   Level
a - Kiss of Death         Conj/Necr      36%        2d8       10%         1
b - Momentum Strike       Conj/Tloc      24%        3d8       9%          2

Your spell library contained the following spells:

 Spells                   Type           Power      Damage    Failure   Level
 Hailstorm                Conj/Ice       9%         3d4       28%         3


Dungeon Overview and Level Annotations

Branches:
Dungeon (3/15)

Altars:


Innate Abilities, Weirdness & Mutations

You are immune to sickness and miasma.
Your stone body is resilient. (AC +4)
You are immune to poison.
You resist negative energy. (rN+)
You are resistant to electric shocks. (rElec)
You are resistant to unholy torment.
You are immune to petrification.


Message History

Deactivating autopickup; reactivate with Ctrl-A.
The orc hits you with a +0 flail!
* * * LOW HITPOINT WARNING * * *
You miss something. Something hits you but does no damage.
The orc barely misses you.
Unknown command.
You slash the orc! You burn the orc.
You kill the orc!
Something hits you but does no damage. The adder bites you but does no damage.
Something hits you but does no damage. The kobold hits you but does no damage.
Unknown command.
You hit the kobold. You burn the kobold.
You kill the kobold!
The adder barely misses you. Something hits you.
* * * LOW HITPOINT WARNING * * *
The adder bites you but does no damage.
Unknown command.
You hit the adder. You burn the adder.
The adder is lightly wounded.
Something completely misses you. The adder bites you but does no damage.
The adder closely misses you. Something hits you.
* * * LOW HITPOINT WARNING * * *
Unknown command.
You closely miss the adder.
The adder is lightly wounded.
The adder bites you but does no damage.
You hear some strange, mumbled words.
Something tries to affect you, but you resist.
Unknown command.
You puncture the adder! You burn the adder.
You kill the adder!
Something hits you but does no damage. The orc hits you but does no damage.
You hear some strange, mumbled words.
Something tries to affect you, but you resist.
Unknown command.
You closely miss the orc. The orc barely misses you.
You hear some strange, mumbled words.
A puff of flame appears from out of thin air!
The puff of flame hits you!
You die...

... .# ..K ..# ....
.. ...o... .#.g.#.
....o.. ?.....)###
...[#)..#######
..........go{@)#
:....##..<.###o....(.
.... ####.o.....#..#
### ##...#[... #
..#####.# #..# .. #.#
. .. #.


You could see 2 orcs and a goblin.

Vanquished Creatures
  Sigmund (D:2)
  Terence (D:2)
  An orc wizard (D:3)
  Natasha (thrice) (D:2)
  4 adders
  3 dart slugs
  4 orcs
  5 ball pythons
  2 bats (D:1)
  6 endoplasms
  2 goblins (D:3)
  3 hobgoblins
  9 kobolds
  A frilled lizard (D:1)
  6 rats
51 creatures vanquished.

Notes
Turn   | Place    | Note
-------+----------+-------------------------------------------
     0 | D:1      | safid the Gargoyle Reaver began the quest for the Orb.
     0 | D:1      | Reached XP level 1. HP: 12/12 MP: 3/3
   192 | D:1      | Reached XP level 2. HP: 17/18 MP: 5/5
   770 | D:1      | Reached XP level 3. HP: 20/22 MP: 6/6
   817 | D:1      | Learned a level 2 spell: Momentum Strike
   950 | D:2      | Noticed Terence
   970 | D:2      | Killed Terence
   971 | D:2      | Reached XP level 4. HP: 3/27 MP: 3/7
  1330 | D:2      | Noticed Sigmund
  1350 | D:2      | Killed Sigmund
  1351 | D:2      | Reached skill level 1 in Translocations
  1351 | D:2      | Reached XP level 5. HP: 4/33 MP: 4/9
  1351 | D:2      | Reached XP level 6. HP: 5/38 MP: 4/10
  1728 | D:2      | Noticed Natasha
  1735 | D:2      | Killed Natasha
  1960 | D:2      | Found a faded altar of an unknown god.
  2096 | D:2      | Noticed Natasha
  2103 | D:2      | Killed Natasha
  2370 | D:2      | Noticed Natasha
  2374 | D:2      | Killed Natasha
  2421 | D:3      | Killed from afar by an orc wizard

Illustrated notes

Levels and vault maps discovered:
D:1:      dpeg_arrival_windows_large_door, layout_loops_corners
D:2:      layout_basic, shapermc_ecumenical_altar_mp_ritualfount, uniq_terence,
          uniq_sigmund, uniq_natasha
D:3:      layout_rooms, minmay_increasing_density

Skill      XL: |  1  2  3  4  5  6 |
---------------+-------------------+-----
Fighting       | 3 4 |  4.0
Conjurations   | 4 |  4.7
Armour         | 2 |  2.5
Spellcasting   | 3 |  3.4
Translocations | 1 2 |  2.1
Maces & Flails | |  3.0
Dodging        | |  1.5

Action                     |  1- 3 |  4- 6 || total
---------------------------+-------+-------++-------
  Melee: Mace              |    83 |       ||    83
         Flail             |       |    29 ||    29
         Halberd           |       |    49 ||    49
   Cast: Momentum Strike   |     2 |     2 ||     4
         Kiss of Death     |     1 |     2 ||     3
 Armour: Leather armour    |    38 |    42 ||    80
  Dodge: Dodged            |    66 |    44 ||   110
